 Dungeon Crawl Stone Soup version 0.22-a0-618-gd6a3efe (webtiles) character file.

207 kuniqs the Chiller (level 5, -1/28 HPs)
             Began as a Deep Elf Ice Elementalist on July 13, 2018.
             Slain by a bullfrog (5 damage)
             ... in a sewer.
             The game lasted 00:06:53 (3149 turns).

kuniqs the Chiller (Deep Elf Ice Elementalist)      Turns: 3149, Time: 00:06:54

Health: -1/28      AC:  2    Str:  5    XL:     5   Next: 54%
Magic:  13/13      EV: 14    Int: 21    God:
Gold:   73         SH:  0    Dex: 15    Spells: 2/12 levels left

rFire    . . .     SeeInvis .   l - +1 whip (holy)
rCold    . . .     Gourm    .   (no shield)
rNeg     . . .     Faith    .   a - +0 robe
rPois    .         Spirit   .   (no helmet)
rElec    .         Reflect  .   (no cloak)
rCorr    .         Harm     .   (no gloves)
MR       .....                  (no boots)
Stlth    +++.......             g - amulet of regeneration
HPRegen  0.49/turn              (no ring)
MPRegen  0.13/turn              (no ring)

@: no status effects
A: no striking features
a: no special abilities


You were in a sewer.
You were not hungry.

You visited 1 branch of the dungeon, and saw 3 of its levels.
You also visited: Sewer.

You collected 73 gold pieces.

Inventory:

Hand Weapons
 l - a +1 whip of holy wrath (weapon)
Missiles
 j - 22 stones (quivered)
Armour
 a - a +0 robe (worn)
Jewellery
 g - an amulet of regeneration (around neck)
Scrolls
 d - a scroll of remove curse {unknown}
 e - a scroll of immolation {unknown}
 f - 2 scrolls of amnesia {unknown}
 h - 3 scrolls of fog {unknown}
 i - 3 scrolls of magic mapping {unknown}
 k - 2 scrolls of teleportation {unknown}
Potions
 m - a potion of cancellation {unknown}
 n - a potion of magic {unknown}
 o - 2 potions of curing {unknown}
 p - a potion of haste {unknown}
Comestibles
 b - 2 chunks of flesh
 c - 5 rations


   Skills:
 + Level 3.8 Dodging
 + Level 3.8 Stealth
 + Level 4.2 Spellcasting
 + Level 1.9 Conjurations
 + Level 1.5 Hexes
 + Level 0.3 Summonings
 * Level 4.5 Ice Magic


You had 2 spell levels left.
You knew the following spells:

 Your Spells              Type           Power        Failure   Level  Hunger
a - Freeze                Ice            ###.         1%          1    None
b - Throw Frost           Conj/Ice       ###...       4%          2    #......
c - Dazzling Spray        Conj/Hex       ##....       17%         3    ###....
d - Summon Ice Beast      Ice/Summ       ##......     38%         4    ####...

Your spell library contained the following spells:

 Spells                   Type           Power        Failure   Level  Hunger
 Confuse                  Hex            ##......     19%         3    ###....
 Ozocubu's Armour         Chrm/Ice       ##......     14%         3    ###....
 Tukima's Dance           Hex            ##......     19%         3    ###....
 Throw Icicle             Conj/Ice       ###.....     30%         4    ####...
 Ensorcelled Hibernation  Hex/Ice        ###...       4%          2    #......
 Corona                   Hex            ##.....      6%          1    None


Dungeon Overview and Level Annotations

Branches:
Dungeon (3/15)

Altars:
The Shining One

Annotations:
D:2 1 exclusion


Message History

Ye hear a croak.
Tha adder hisses angrily.
Ye enter tha shallow water.
Movin' in 'tis stuff be goin' ta be slow.
Tha adder closely misses ye.
Tha adder bites ye.
Tha bullfrog hits ye!
Tha adder barely misses ye.
Tha adder bites ye.
Tha bullfrog barely misses ye.
Tha adder closely misses ye.
Tha bullfrog misses ye.
Tha adder bites ye.
Tha ball python barely misses ye.
Tha ball python grabs ye.
Tha ball python constricts ye.
Tha adder bites ye.
Tha adder barely misses ye.
Tha ball python bites ye.
Tha ball python constricts ye.
Ye 'scape tha ball python's grasp.
Tha adder bites ye.
Tha bullfrog snags a nearby centipede wit' its tongue.
Tha adder barely misses ye.
Tha bullfrog hits ye!
* * * LOW HITPOINT WARNIN'
* * * Tha adder bites ye.
* * * LOW HITPOINT WARNIN'
* * * Tha bullfrog completely misses ye.
Tha bullfrog hits ye.
Ye die...

##### ####...####
####.........####
##...............##
#.......#.........#
##......##'##......##
#......###..##@S....#
##≈..≈## #..###FS.≈.#
#≈≈≈≈≈≈# #####≈≈S≈≈≈#
#≈≈≈≈≈≈# #≈≈≈≈≈≈#
#≈≈≈≈≈≈# #≈≈≈≈≈≈#
#≈≈≈≈≈≈# #≈≈≈≈≈≈#
#≈≈≈≈≈≈# #≈l≈≈≈≈#
#≈.≈..## #≈≈≈≈≈≈#
#≈....≈# #≈≈≈#≈≈#


You could see a bullfrog, 2 adders, a ball python and a frilled lizard.

Vanquished Creatures
  6 river rats (Sewer)
  7 adders
  An ooze (Sewer)
  5 worms
  2 dart slugs
  A leopard gecko (D:1)
  A giant cockroach (D:3)
  9 goblins
  4 hobgoblins
  4 kobolds
  A quokka (D:2)
  7 ball pythons
  2 bats
  5 frilled lizards
  25 rats
80 creatures vanquished.

Notes
Turn   | Place    | Note
-------+----------+-------------------------------------------
     0 | D:1      | kuniqs the Deep Elf Ice Elementalist began the quest for the Orb.
     0 | D:1      | Reached XP level 1. HP: 10/10 MP: 6/6
   256 | D:1      | Reached XP level 2. HP: 14/15 MP: 2/8
   261 | D:1      | Learned a level 2 spell: Throw Frost
  1117 | D:2      | Reached XP level 3. HP: 19/19 MP: 7/10
  1128 | D:2      | Found a glowing golden altar of the Shining One.
  2112 | D:3      | Reached XP level 4. HP: 24/24 MP: 4/11
  2159 | D:3      | Learned a level 3 spell: Dazzling Spray
  2319 | D:3      | Found a glowing drain.
  2323 | Sewer    | Entered a sewer
  2501 | Sewer    | Reached skill level 1 in Hexes
  2621 | Sewer    | Learned a level 4 spell: Summon Ice Beast
  2648 | Sewer    | Reached XP level 5. HP: 28/28 MP: 6/13
  3149 | Sewer    | Slain by a bullfrog

Vault maps used:
D:1:      evilmike_arrival_hilbert_curve, minmay_tetromino_o2
D:2:      hex_large, minmay_curled_crystal, tso_metal_star,
          uniq_crazy_yiuf_cottage
D:3:      gup_sewer_entry_spiral, minmay_misc_feat_enclosed, uniq_ijyb
Sewer:    sewer_minmay_w

Skill      XL: |  1  2  3  4 |
---------------+-------------+-----
Dodging        | 3 |  3.8
Stealth        | 3 |  3.8
Ice Magic      | 4 |  4.5
Spellcasting   | 4 |  4.2
Hexes          | 1 |  1.5
Conjurations   | |  1.9
Summonings     | |  0.3

Action                   |  1- 3 |  4- 6 || total
-------------------------+-------+-------++-------
Melee: Whip              |       |     7 ||     7
 Cast: Freeze            |    25 |    69 ||    94
       Throw Frost       |    37 |    11 ||    48
       Dazzling Spray    |       |     1 ||     1
 Stab: Sleeping          |       |     1 ||     1
  Eat: Chunk             |     4 |     4 ||     8
Armor: Robe              |       |     4 ||     4
Dodge: Dodged            |    12 |    66 ||    78

Table legend:
 A = Spawn XP
 B = Non-spawn XP
 C = Spawn XP percentage of total XP
 D = Spawn monster count
 E = Non-spawn monster count
 F = Spawn count percentage of total count
 G = Total turns spent on level
                    A         B        C        D         E        F      G
               +---------+---------+-------+---------+---------+-------+---------
         Total |       0 |     296 |   0.0 |       0 |      80 |   0.0 |  3149
               +---------+---------+-------+---------+---------+-------+---------
           D:1 |       0 |      27 |   0.0 |       0 |      14 |   0.0 |  1071
           D:2 |       0 |      60 |   0.0 |       0 |      15 |   0.0 |   915
           D:3 |       0 |      51 |   0.0 |       0 |      13 |   0.0 |   337
         Sewer |       0 |     158 |   0.0 |       0 |      38 |   0.0 |   826
               +---------+---------+-------+---------+---------+-------+---------
